 Dungeon Sprint DCSS version 0.27.1-2-g3b301248ec (webtiles) character file.

Game seed: 4718995316242841169

786 styxcanada the Unseen (level 7, -7/38 HPs)
             Began as a Spriggan Brigand on Sept 23, 2021.
             Was an Initiate of Gozag.
             Killed from afar by a burning bush (12 damage)
             ... with a puff of flame
             ... in the Dungeon (Sprint IV: "Fedhas' Mad Dash").
             The game lasted 00:02:55 (293 turns).

styxcanada the Unseen (Spriggan Brigand)             Turns: 293, Time: 00:02:55

Health: -7/38      AC:  3    Str:  7    XL:     7   Next: 56%
Magic:  7/8        EV: 22    Int: 12    God:    Gozag
Gold:   201        SH:  0    Dex: 19    Spells: 6/6 levels left

rFire    . . .     SeeInvis +   a - +2 dagger (drain)
rCold    . . .     Faith    .   (shield restricted)
rNeg     . . .     Spirit   .   b - +0 robe
rPois    .         Reflect  .   (helmet restricted)
rElec    .         Harm     .   c - +0 cloak
rCorr    .         Rampage  .   (gloves unavailable)
Will     +....     NoTele   +   (boots unavailable)
Stlth    +++++++...             m - amulet of invisibility {+Inv}
HPRegen  0.12/turn              (no ring)
MPRegen  0.11/turn              (no ring)

@: very slightly contaminated, invisible (expiring), very quick
A: very small, no large weapons, unfitting armour, see invisible, speed 3
a: Renounce Religion, Evoke Invisibility, Potion Petition, Call Merchant, Bribe
Branch


You were in the Dungeon.
You worshipped Gozag.
Gozag was aware of your devotion.
You visited 1 branch You collected 313 gold pieces.
You spent 112 gold pieces at shops.

Inventory:

Hand Weapons
 a - a +2 dagger of draining (weapon)
Missiles
 d - 7 poisoned darts (quivered)
 e - 2 curare-tipped darts
 l - 19 stones
 n - 24 sling bullets
Armour
 b - a +0 robe (worn)
 c - a +0 cloak (worn)
Jewellery
 m - the amulet of invisibility (around neck) {+Inv}
   (You found it in the Dungeon)

   [amulet of nothing]

   +Inv:      It lets you turn invisible.
Scrolls
 k - a scroll of blinking
 p - 2 scrolls of identify
Potions
 f - a potion of curing
 h - a potion of haste
 i - 2 potions of magic
 j - a potion of berserk rage
 o - a potion of brilliance


   Skills:
 * Level 4.6 Fighting
 + Level 3.8 Short Blades
 + Level 4.5 Throwing
 * Level 7.8 Dodging
 * Level 18.6 Stealth
 * Level 7.0 Evocations


You had 6 spell levels left.
You didn't know any spells.
Your spell library was empty.

Dungeon Overview and Level Annotations

Branches:
Dungeon (1/1)

Altars:
Cheibriados
Dithmenos
Elyvilon
Gozag
Hepliaklqana
Kikubaaqudgha
Makhleb
Nemelex Xobeh
Okawaru
Qazlal
Ru
Sif Muna
Trog
Uskayaw
Vehumet
Wu Jian
Xom
Yredelemnul
Zin
The Shining One
Beogh
Jiyva
Lugonu

Shops:
D *=


Innate Abilities, Weirdness & Mutations

You are very small and have problems with some larger weapons.
You are too small for most types of armour.
You have supernaturally acute eyesight. (SInv)
You cover ground extremely quickly. (Speed+++)


Message History

You hit the burning bush but do no damage.
The burning bush is almost destroyed.
You hit the burning bush but do no damage.
The burning bush is almost destroyed.
The burning bush throws fire at you. The puff of flame hits you!
* * * LOW HITPOINT WARNING * * *
You hit the burning bush but do no damage.
The burning bush is almost destroyed.
You feel much better. The burning bush throws fire at you.
The puff of flame misses you.
You hit the burning bush.
The burning bush is almost destroyed.
You flicker for a moment.
The burning bush throws fire at you. The puff of flame hits you!
You hit the burning bush but do no damage.
The burning bush is almost destroyed.
The burning bush throws fire at you. The puff of flame hits you!
You hit the burning bush.
The burning bush is almost destroyed.
You hit the burning bush but do no damage.
The burning bush is almost destroyed.
You hit the burning bush but do no damage.
The burning bush is almost destroyed.
You hit the burning bush but do no damage.
The burning bush is almost destroyed.
You hit the burning bush but do no damage.
The burning bush is almost destroyed.
The burning bush throws fire at you. The puff of flame hits you!
* * * LOW HITPOINT WARNING * * *
You hit the burning bush but do no damage.
The burning bush is almost destroyed.
The burning bush throws fire at you. The puff of flame hits you!
You die...
Your body crumbles into a pile of gold.

###################
_._.⌠.#..'.))#.$..#
._._..'..#...#.$@P+
_._...#..###'##.?$#
$$
._._..#..##∩∩.'..$#
_._.⌠.#############
####### $ $ $


You could see a burning bush.

Vanquished Creatures
  2 wandering mushrooms (D)
  3 scorpions (D)
  3 oklob saplings (D)
  2 spriggans (D)
  A river rat (D)
  A rat (D)
12 creatures vanquished.

Notes
Turn   | Place    | Note
-------+----------+-------------------------------------------
     0 | D        | styxcanada the Spriggan Brigand began the quest for the
                  | Orb.
     0 | D        | Reached XP level 1. HP: 10/10 MP: 2/2
    14 | D        | Reached skill level 8 in Stealth
    14 | D        | Reached XP level 2. HP: 15/15 MP: 3/3
    37 | D        | Noticed an oklob sapling
    38 | D        | Killed an oklob sapling
    39 | D        | Reached skill level 10 in Stealth
    39 | D        | Reached XP level 3. HP: 18/18 MP: 4/4
    40 | D        | Noticed a scorpion
    40 | D        | Found the amulet of invisibility {+Inv}
    57 | D        | Killed a scorpion
    58 | D        | Reached skill level 12 in Stealth
    58 | D        | Reached XP level 4. HP: 23/23 MP: 5/5
   145 | D        | Found an opulent altar of Gozag.
   145 | D        | Found a hazy altar of Hepliaklqana.
   145 | D        | Found a burning altar of Makhleb.
   145 | D        | Found a sparkling altar of Nemelex Xobeh.
   145 | D        | Found a snail-covered altar of Cheibriados.
   145 | D        | Found a sacrificial altar of Ru.
   145 | D        | Found a shimmering blue altar of Sif Muna.
   145 | D        | Found a shimmering altar of Xom.
   145 | D        | Found a basalt altar of Yredelemnul.
   146 | D        | Found a viscous altar of Jiyva.
   146 | D        | Found a bloodstained altar of Trog.
   146 | D        | Found an ornate altar of the Wu Jian Council.
   147 | D        | Found an iron altar of Okawaru.
   147 | D        | Found a shadowy altar of Dithmenos.
   147 | D        | Found a glowing silver altar of Zin.
   148 | D        | Found an ancient bone altar of Kikubaaqudgha.
   148 | D        | Found a hide-covered altar of Uskayaw.
   149 | D        | Found a stormy altar of Qazlal.
   149 | D        | Found a white marble altar of Elyvilon.
   149 | D        | Found a glowing golden altar of the Shining One.
   150 | D        | Became a worshipper of Gozag Ym Sagoz the Greedy
   151 | D        | Found a corrupted altar of Lugonu.
   151 | D        | Found a radiant altar of Vehumet.
   155 | D        | Reached skill level 13 in Stealth
   155 | D        | Reached skill level 1 in Evocations
   155 | D        | Reached XP level 5. HP: 28/28 MP: 3/6
   213 | D        | Reached skill level 5 in Dodging
   213 | D        | Reached skill level 14 in Stealth
   214 | D        | Reached skill level 15 in Stealth
   216 | D        | Reached XP level 6. HP: 32/32 MP: 4/7
   240 | D        | Found Gylas's Jewellery Shop.
   241 | D        | Found Foptiycw's Assorted Antiques.
   246 | D        | Bought an amethyst potion for 17 gold pieces
   246 | D        | Bought a scroll labelled SINGIE XOBEIKK for 19 gold pieces
   246 | D        | Bought a scroll labelled SINGIE XOBEIKK for 19 gold pieces
   246 | D        | Bought a scroll labelled SINGIE XOBEIKK for 19 gold pieces
   246 | D        | Bought a scroll labelled SINGIE XOBEIKK for 19 gold pieces
   246 | D        | Bought a scroll labelled JUEKLU UXTOFUPN for 19 gold pieces
   264 | D        | Noticed a burning bush
   264 | D        | Noticed a wandering mushroom
   265 | D        | Noticed a wandering mushroom
   269 | D        | Killed a wandering mushroom
   270 | D        | Reached skill level 17 in Stealth
   270 | D        | Reached skill level 5 in Evocations
   270 | D        | Killed a wandering mushroom
   271 | D        | Reached skill level 18 in Stealth
   271 | D        | Reached XP level 7. HP: 38/38 MP: 5/8
   293 | D        | Killed from afar by a burning bush

Illustrated notes

Levels and vault maps discovered:
D:        dungeon_sprint_fedhas [sprint_temple]

Skill      XL: |  1  2  3  4  5  6  7 |
---------------+----------------------+-----
Fighting       | 2 3 4 |  4.6
Dodging        | 2 3 4 5 7 |  7.8
Stealth        | 8 10 12 13 15 18 | 18.6
Short Blades   | 3 |  3.8
Throwing       | 3 4 |  4.5
Evocations     | 1 3 6 7 |  7.0

Action                   |  1- 3 |  4- 6 |  7- 9 || total
-------------------------+-------+-------+-------++-------
Melee: Dagger            |     4 |     8 |    21 ||    33
Throw: Dart              |     8 |       |       ||     8
 Abil: Evoke Invisibilit |       |     4 |       ||     4
  Use: Scroll            |       |     3 |       ||     3
       Potion            |       |       |     1 ||     1
 Stab: Sleeping          |     2 |     7 |     1 ||    10
       Distracted        |       |       |     1 ||     1
Dodge: Dodged            |     3 |     1 |     1 ||     5
